Map: 캑터스 밸리 - 래더 (공허)

Players

jjakji

  • Race: Terran Terran
  • Spawn Location: 1:00

Stats - Winner!

  • Race: Protoss Protoss
  • Spawn Location: 7:00

Event: IEM XI Katowice - World Championship 2017

VOD

Have the link to the VOD?

Description

Time

  • Played on: March 2, 2017, 12:13 p.m.
  • Length: 13:12

All games in this series

Show
View Real Time Build Order
Export as new Build Order

jjakji Terran 

Build Orders: Reaper Expand, MMM Bio 

Get SALT Encoding   

  12  0:00  SCV  
  13  0:12  SCV  
  14  0:17  Supply Depot  
  14  0:24  SCV  
  14  0:28  Refinery  
  15  0:38  SCV  
  16  0:44  Barracks  
  16  0:50  SCV  
  17  1:03  SCV  
  18  1:15  SCV  
  19  1:30  Reaper, Orbital Command  
  20  1:52  Command Center  
  20  1:57  SCV  
  20  2:00  Factory  
  21  2:06  Barracks Reactor  
  21  2:09  SCV  
  21  2:14  Supply Depot  
  22  2:19  Refinery  
  22  2:21  SCV  
  23  2:35  SCV  
  24  2:43  Marine x2  
  26  2:45  Starport  
  26  2:48  Widow Mine, SCV  
  29  3:00  Marine  
  29  3:01  Marine  
  29  3:04  SCV, Orbital Command  
  31  3:16  SCV  
  31  3:18  Marine x2  
  37  3:20  Cyclone  
  37  3:27  Medivac  
  37  3:28  SCV  
  37  3:30  SCV  
  41  3:36  Marine x2  
  41  3:39  Supply Depot  
  43  3:43  SCV x2  
  45  3:54  Marine  
  46  4:00  Marine  
  46  4:01  Viking, Cyclone  
  46  4:02  Supply Depot  
  52  4:03  SCV  
  52  4:06  SCV  
  52  4:09  Supply Depot  
  54  4:17  SCV  
  54  4:23  Marine x2, SCV  
  57  4:29  SCV  
  58  4:33  Cyclone  
  58  4:34  Viking  
  58  4:36  SCV  
  64  4:38  Supply Depot  
  64  4:42  SCV  
  64  4:43  Marine x2  
  67  4:48  SCV  
  68  4:53  Barracks  
  68  4:54  SCV, Barracks  
  69  5:01  Marine x2  
  70  5:09  Factory Tech Lab  
  70  5:10  Starport Tech Lab  
  70  5:11  SCV x2  
  72  5:18  Engineering Bay  
  72  5:19  Marine x2, Supply Depot  
  74  5:23  SCV x2  
  70  5:37  Marine x2  
  70  5:38  SCV x2  
  72  5:42  Command Center  
  72  5:45  Terran Infantry Weapons Level 1  
  72  5:47  Starport Reactor, Refinery  
  72  5:48  Factory Reactor  
  70  5:50  SCV x2  
  70  5:54  Marine x4  
  70  5:55  Combat Shields  
  70  5:56  Stimpack  
  69  6:03  SCV x2, Refinery  
  62  6:12  Marine  
  62  6:13  Liberator, Marine x2  
  62  6:14  Marine  
  62  6:15  SCV x2  
  62  6:19  Barracks  
  62  6:20  Liberator  
  62  6:22  Missile Turret, Barracks  
  62  6:24  Widow Mine x2  
  66  6:27  SCV  
  66  6:30  Marine  
  66  6:32  Bunker  
  71  6:33  Marine x2  
  76  6:40  SCV x2  
  76  6:46  Marauder  
  78  6:48  Marauder  
  78  6:51  Marine x2  
  78  6:52  Widow Mine  
  78  6:53  Widow Mine  
  86  6:57  Orbital Command  
  86  7:07  Marauder, SCV x2  
  89  7:09  Marine x2, Barracks Tech Lab, Barracks Reactor  
  89  7:10  Marauder  
  89  7:14  Concussive Shells  
  93  7:16  Medivac  
  93  7:17  Supply Depot  
  93  7:21  Medivac  
  93  7:22  Orbital Command  
  98  7:30  Marine, Marauder x2  
  98  7:35  Supply Depot  
  101  7:37  Supply Depot  
  101  7:38  Marine, Marauder  
  101  7:39  Supply Depot  
  101  7:40  Terran Infantry Armor Level 1  
  101  7:41  SCV  
  105  7:47  Widow Mine  
  105  7:48  Missile Turret  
  107  7:51  Widow Mine  
  107  7:53  Medivac  
  111  7:58  Marine  
  111  7:59  Marine x5  
  111  8:01  Medivac  
  111  8:05  SCV x2, Refinery x2  
  121  8:07  SCV  
  121  8:09  Liberator, Marauder  
  124  8:17  Liberator, Marauder x2  
  124  8:18  Missile Turret  
  128  8:21  Marine x4  
  135  8:36  SCV  
  135  8:37  SCV x2  
  135  8:40  Supply Depot x2  
  141  8:41  Supply Depot  
  141  8:43  Marauder x2  
  141  8:45  Marauder  
  126  8:51  Marine x3  
  126  8:52  Liberator, Widow Mine  
  104  9:00  Liberator  
  104  9:02  Bunker  
  105  9:13  Marauder x2  
  105  9:14  Marine  
  100  9:21  Marauder  
  97  9:25  Marine  
  97  9:30  Marine  
  91  9:33  Marine  
  91  9:34  Marauder  
  91  9:35  Marauder  
  88  9:39  Liberator  
  88  9:42  Marauder  
  88  9:43  Marine  
  91  9:48  Marine  
  91  9:50  Marine  
  93  9:56  Marauder x2  
  100  10:01  Marine  
  100  10:03  Marauder, Refinery  
  100  10:05  Marine  
  100  10:06  Orbital Command  
  102  10:08  Marine  
  98  10:17  Marine x2  
  98  10:19  Marine  
  99  10:23  Marine, Orbital Command  
  99  10:24  Marine  
  99  10:26  Marine  
  102  10:34  Marine  
  102  10:35  Marine  
  104  10:36  Marine  
  104  10:41  Marine  
  104  10:42  Marine, Medivac  
  109  10:43  Medivac  
  109  10:44  Marine  
  112  10:51  Refinery  
  112  10:52  Marine x2, Refinery  
  112  10:54  Marine  
  115  10:59  Marine  
  115  11:00  Marauder  
  115  11:02  Orbital Command  
  111  11:06  Marine  
  111  11:10  Marine, Widow Mine x2  
  111  11:11  Marauder  
  117  11:12  Marine  
  117  11:17  Marine, Orbital Command  
  119  11:22  Marauder  
  121  11:26  Orbital Command  
  121  11:29  Marauder  
  121  11:30  Marine x2  
  121  11:32  Marauder  
  127  11:33  Missile Turret  
  127  11:35  Marine  
  128  11:43  Marine  
  129  11:48  Marine  
  129  11:49  Supply Depot  
  129  11:50  Marauder  
  129  11:53  Barracks Reactor  
  129  11:54  Liberator x2  
  132  11:56  Supply Depot  
  132  12:05  Marauder  
  133  12:11  Marauder  
  141  12:17  SCV  
  141  12:18  SCV x2  
  141  12:19  Marauder  
  141  12:21  Marine  
  128  12:24  Widow Mine x2  
  128  12:26  Marauder  
  98  12:33  Marauder  
  83  12:37  Marine x2  
  83  12:38  Marine  
  83  12:40  Marauder  
  81  12:45  Marine  
  81  12:48  Marauder  
Show
View Real Time Build Order
Export as new Build Order

Stats Protoss - Winner!

Build Orders: 1 Gate Expand, Oracle Opening, Phoenix Opening 

Get SALT Encoding   

  12  0:00  Probe (Chrono Boost)  
  13  0:11  Probe (Chrono Boost)  
  14  0:17  Pylon  
  14  0:22  Probe (Chrono Boost)  
  16  0:35  Probe (Chrono Boost)  
  16  0:38  Gateway  
  16  0:46  Probe (Chrono Boost)  
  16  0:47  Assimilator  
  17  0:57  Probe (Chrono Boost)  
  18  1:07  Probe (Chrono Boost)  
  19  1:18  Probe (Chrono Boost)  
  20  1:25  Nexus  
  20  1:34  Cybernetics Core  
  20  1:36  Probe (Chrono Boost)  
  21  1:42  Assimilator  
  22  1:47  Probe (Chrono Boost)  
  22  1:53  Pylon  
  22  1:57  Probe (Chrono Boost)  
  23  2:08  Adept  
  23  2:12  Warp Gate  
  23  2:13  Probe (Chrono Boost)  
  26  2:25  Probe (Chrono Boost)  
  27  2:30  Stargate  
  27  2:31  Adept  
  30  2:37  Probe (Chrono Boost)  
  30  2:38  Probe (Chrono Boost)  
  31  2:48  Probe (Chrono Boost)  
  31  2:49  Probe (Chrono Boost)  
  33  2:59  Probe (Chrono Boost)  
  33  3:01  Probe (Chrono Boost)  
  34  3:09  Oracle, Probe (Chrono Boost)  
  34  3:12  Probe (Chrono Boost)  
  36  3:19  Nexus  
  39  3:21  Probe (Chrono Boost)  
  39  3:25  Probe (Chrono Boost)  
  41  3:31  Pylon  
  41  3:32  Probe (Chrono Boost)  
  42  3:37  Probe (Chrono Boost)  
  43  3:41  Phoenix  
  43  3:43  Probe (Chrono Boost)  
  46  3:53  Probe (Chrono Boost), Mothership Core (Chrono Boost)  
  46  3:54  Pylon  
  49  4:03  Phoenix  
  49  4:04  Probe (Chrono Boost)  
  52  4:12  Probe (Chrono Boost)  
  53  4:22  Gateway  
  53  4:23  Probe (Chrono Boost)  
  55  4:24  Gateway  
  55  4:25  Phoenix, Probe (Chrono Boost)  
  55  4:26  Assimilator  
  55  4:30  Assimilator  
  57  4:35  Probe (Chrono Boost)  
  57  4:37  Probe x2 (Chrono Boost)  
  57  4:38  Adept  
  62  4:44  Pylon  
  62  4:46  Phoenix, Probe (Chrono Boost)  
  62  4:47  Probe (Chrono Boost)  
  62  4:49  Probe (Chrono Boost)  
  62  4:51  Pylon  
  67  4:56  Probe (Chrono Boost)  
  67  4:58  Probe (Chrono Boost)  
  69  5:04  Adept  
  71  5:09  Probe x2 (Chrono Boost)  
  71  5:11  Phoenix, Probe (Chrono Boost)  
  71  5:14  Pylon  
  76  5:21  Adept x2  
  76  5:24  Probe x2 (Chrono Boost)  
  76  5:25  Probe (Chrono Boost)  
  83  5:33  Phoenix  
  71  5:41  Adept x3  
  75  5:49  Probe (Chrono Boost)  
  74  5:50  Probe (Chrono Boost)  
  74  5:55  Phoenix  
  62  6:02  Stalker x3  
  70  6:10  Probe x2 (Chrono Boost)  
  69  6:11  Probe (Chrono Boost)  
  69  6:20  Probe (Chrono Boost)  
  69  6:21  Twilight Council, Probe (Chrono Boost)  
  69  6:22  Phoenix, Forge  
  69  6:23  Probe (Chrono Boost), Robotics Facility  
  74  6:31  Probe x2 (Chrono Boost)  
  76  6:35  Pylon  
  76  6:36  Probe (Chrono Boost)  
  77  6:40  Protoss Ground Weapons Level 1  
  77  6:42  Probe x2 (Chrono Boost)  
  77  6:44  Resonating Glaives  
  77  6:45  Phoenix  
  80  6:48  Gateway, Probe (Chrono Boost)  
  80  6:49  Gateway  
  80  6:50  Gateway  
  82  6:59  Gateway  
  82  7:05  Gateway  
  82  7:10  Warp Prism  
  82  7:13  Adept x2  
  82  7:14  Adept  
  90  7:20  Pylon  
  90  7:22  Pylon  
  90  7:23  Phoenix  
  90  7:25  Probe (Chrono Boost)  
  90  7:26  Probe x2 (Chrono Boost)  
  95  7:34  Adept  
  95  7:35  Adept x2  
  101  7:37  Pylon  
  101  7:45  Pylon  
  101  7:46  Observer  
  101  7:47  Pylon  
  101  7:48  Pylon  
  101  7:49  Pylon  
  102  7:56  Adept x4  
  110  8:00  Adept x2  
  110  8:04  Adept  
  110  8:05  Adept  
  118  8:08  Observer  
  118  8:12  Assimilator  
  119  8:13  Assimilator  
  119  8:17  Adept x2, Sentry  
  119  8:19  Protoss Ground Armor Level 1  
  125  8:22  Adept x2  
  125  8:24  Adept  
  131  8:30  Adept x2  
  134  8:47  Adept  
  134  8:48  Adept x5  
  106  8:59  Adept  
  106  9:00  Adept  
  105  9:05  Probe (Chrono Boost)  
  105  9:06  Probe x2 (Chrono Boost)  
  107  9:17  Probe (Chrono Boost)  
  107  9:18  Probe x2 (Chrono Boost)  
  91  9:29  Probe (Chrono Boost)  
  91  9:30  Probe x2 (Chrono Boost)  
  82  9:41  Adept x4, Sentry x2  
  82  9:42  Probe x3 (Chrono Boost)  
  82  9:44  Observer  
  99  9:54  Probe (Chrono Boost)  
  100  10:08  Probe x3 (Chrono Boost)  
  100  10:21  Adept x6  
  102  10:22  Adept  
  102  10:24  Adept, Warp Prism  
  116  10:31  Probe x3 (Chrono Boost)  
  119  10:36  Protoss Ground Armor Level 2  
  122  10:43  Probe x3 (Chrono Boost)  
  122  10:47  Stalker x2  
  122  10:49  Adept x2  
  130  10:59  Blink  
  124  11:11  Adept x3  
  124  11:12  Adept, Stalker  
  134  11:24  Stalker x2  
  138  11:36  Templar Archives  
  138  11:38  Probe x3 (Chrono Boost)  
  141  11:48  Stalker x4  
  141  11:51  Immortal  
  156  12:01  Probe x2 (Chrono Boost)  
  156  12:02  Probe (Chrono Boost)  
  152  12:25  Immortal  
  118  12:32  Adept x5  
  118  12:33  Adept x2  
  132  12:38  Adept  
  127  12:56  Adept x3  
  127  12:57  Adept x4  
  141  12:59  Adept  

Tags
 
Add a new tag
Caveats
  • Supply blocks, unpowered buildings, or Contaminate may cause inaccurate times.
  • Supply counts are checked every 10 seconds.